 Dungeon Crawl Stone Soup version 0.20.1-1-g8b1a95d (webtiles) character file.

3084 Gargoyl the Protected (level 9, -2/77 (79) HPs)
             Began as a Minotaur Abyssal Knight on July 15, 2017.
             Was an Elder of Lugonu.
             Slain by a manticore (9 damage)
             ... on level 7 of the Dungeon.
             The game lasted 00:16:59 (7448 turns).

Gargoyl the Protected (Minotaur Abyssal Knight)     Turns: 7448, Time: 00:17:00

HP:   -2/77 (79)    AC: 17    Str: 19    XL:     9   Next: 58%
MP:   12/12         EV:  7    Int: 14    God:    Lugonu [****..]
Gold: 290           SH:  0    Dex: 13    Spells: 8/8 levels left

rFire    . . .     SeeInvis .   A - +0 broad axe
rCold    . . .     Gourm    .   (no shield)
rNeg     + + .     Faith    .   e - +1 plate armour of Quantum Leap {rN++ Dex+2}
rPois    .         Spirit   .   (helmet restricted)
rElec    .         Reflect  .   p - +0 cloak
rCorr    .         Harm     .   (no gloves)
MR       .....                  (no boots)
Stlth    ..........             (no amulet)
Regen    0.3/turn               (no ring)
MPRegen  0.2/turn               (no ring)

@: brilliant
A: retaliatory headbutt, horns 2
a: Depart the Abyss, Bend Space, Banish, Corrupt, Renounce Religion


You were on level 7 of the Dungeon.
You worshipped Lugonu.
Lugonu was greatly pleased with you.
You were not hungry.

You visited 1 branch of the dungeon, and saw 7 of its levels.
You visited the Abyss 2 times.
You also visited: Sewer.

You collected 290 gold pieces.

Inventory:

Hand Weapons
 a - a +3 hand axe
 A - a +0 broad axe (weapon)
Armour
 e - the +1 plate armour of Quantum Leap (worn) {rN++ Dex+2}
   (You found it on level 2 of the Abyss)

   It affects your dexterity (+2).
   It greatly protects you from negative energy.
 p - a +0 cloak (worn)
Jewellery
 s - a +3 ring of dexterity {unknown}
Wands
 k - a wand of iceblast (3/15)
 m - a wand of confusion (28/48)
 y - a wand of polymorph (12/24)
 E - a wand of polymorph (9/24)
Scrolls
 f - a scroll of blinking
 l - 2 scrolls of immolation {unknown}
 t - 2 scrolls of fear
 v - 4 scrolls of identify
 w - a scroll of remove curse
 C - a scroll of teleportation
 D - a scroll of fog
Potions
 b - 4 potions of invisibility
 g - a potion of heal wounds {unknown}
 h - a potion of berserk rage {unknown}
 n - a potion of ambrosia {unknown}
 o - a potion of cancellation
 q - 2 potions of lignification
 r - a potion of brilliance
 u - a potion of curing {unknown}
 x - a potion of might {unknown}
 z - a potion of mutation {unknown}
 B - a potion of degeneration {unknown}
Comestibles
 c - 4 bread rations
 d - 4 royal jellies
 i - 5 meat rations
 j - 9 fruits
 F - 3 chunks of flesh


   Skills:
 + Level 7.0 Fighting
 + Level 9.2 Axes
 * Level 10.4 Armour
 + Level 1.3 Dodging
 * Level 5.4 Invocations
 + Level 0.3 Evocations


You had 8 spell levels left.
You didn't know any spells.

Dungeon Overview and Level Annotations

Branches:
Dungeon (7/15)             Temple (0/1) D:4

Altars:
Dithmenos
Xom

Shops:
D:5 %   D:6 %


Innate Abilities, Weirdness & Mutations

You reflexively headbutt those who attack you in melee.
You have a pair of horns on your head.


Message History

The manticore claws you but does no damage.
The manticore barely misses you.
You hit the manticore but do no damage.
The manticore is severely wounded.
The manticore barely misses you. You furiously retaliate!
You headbutt the manticore, but do no damage.
The manticore claws you!
* * * LOW HITPOINT WARNING * * *
The manticore barely misses you.
Unknown command.
Your plate armour of Quantum Leap prevents you from hitting the manticore.
You headbutt the manticore, but do no damage.
The manticore is heavily wounded.
The manticore bites you!
* * * LOW HITPOINT WARNING * * *
The manticore claws you but does no damage. x2
It was a potion of brilliance.
You feel clever all of a sudden. The manticore bites you!
You die...

#P..8...# ###...####.###......#
#.#.#...###...######..........#
#.#.......)).>.........########
#.###.......##########.# #.#
#....#### #.# ## #.###...##
######.########. #.......#
#...<..#.>...... #####...#
#####)...............
######...####...@H.............P≈
.................>.............≈≈
......###.######................≈
####### #..........>............≈
########.................
#...............)
##............... #.....#


You could see a manticore.

Vanquished Creatures
  A hippogriff (D:4)
  Menkaure (D:5)
  An ice beast (D:7)
  A phantom (D:7)
  2 necrophages (D:7)
  2 big kobolds (Sewer)
  A bullfrog (D:6)
  4 scorpions
  9 wights (D:7)
  3 killer bees (D:7)
  4 crimson imps
  3 bullfrog zombies
  The ghost of letownia the Ruffian, a weakling VSFi (D:4)
  A centaur zombie (D:7)
  A hound (D:5)
  3 jellies
  A centaur skeleton (D:4)
  3 orc priests
  A bullfrog skeleton (D:7)
  Jessica (D:2)
  2 iguanas (D:5)
  3 orc wizards
  5 worker ants
  2 mummies (D:7)
  A worker ant zombie (D:5)
  16 adders
  4 river rats (Sewer)
  A shadow imp (D:6)
  3 oozes
  5 worms
  3 dart slugs
  3 leopard geckos
  23 orcs
  4 giant cockroaches
  5 hobgoblins
  2 jackals (D:2)
  A quokka (D:3)
  3 ball pythons (Sewer)
  A bat (D:1)
  3 frilled lizards
  9 goblins
  A jackal zombie (D:7)
  9 kobolds
  A quokka zombie (D:7)
  14 rats
168 creatures vanquished.

Vanquished Creatures (others)
  The ghost of emsyzz the Firebug, a novice DEFE of Kikubaaqudgha (D:5)
  A hornet (D:7)
  A withered plant (D:7)
3 creatures vanquished.

Grand Total: 171 creatures vanquished

Notes
Turn   | Place    | Note
-------+----------+-------------------------------------------
     0 | Abyss:1  | Gargoyl the Minotaur Abyssal Knight began the quest for the Orb.
     0 | Abyss:1  | Reached XP level 1. HP: 19/19 MP: 1/1
    21 | Abyss:2  | Noticed a glowing orange brain
    34 | Abyss:2  | Noticed a small abomination
    40 | Abyss:2  | Got a slimy plate armour
    41 | D:1      | Escaped the Abyss
    52 | D:1      | Identified the +1 plate armour of Quantum Leap {rN++ Dex+2} (You found it on level 2 of the Abyss)
    74 | D:1      | Reached * piety under Lugonu
   161 | D:1      | Reached XP level 2. HP: 27/27 MP: 2/2
   646 | D:2      | Cast into level 1 of the Abyss (kobold)
   647 | Abyss:1  | Noticed a blizzard demon
   651 | D:2      | Escaped the Abyss
   654 | D:2      | Reached XP level 3. HP: 19/33 MP: 1/3
   929 | D:2      | Reached skill level 3 in Armour
   958 | D:2      | Found a shadowy altar of Dithmenos.
  1326 | D:2      | Reached XP level 4. HP: 40/40 MP: 4/4
  1357 | D:2      | Noticed Jessica
  1361 | D:2      | Killed Jessica
  1608 | D:3      | Reached ** piety under Lugonu
  1767 | D:3      | Reached XP level 5. HP: 38/47 MP: 5/5
  2275 | D:4      | Noticed a hippogriff
  2292 | D:4      | Killed a hippogriff
  2292 | D:4      | Reached skill level 5 in Axes
  2292 | D:4      | Reached skill level 5 in Armour
  2292 | D:4      | Reached XP level 6. HP: 39/55 MP: 5/7
  2325 | D:4      | Noticed letownia's ghost (weakling VSFi)
  2338 | D:5      | Entered Level 5 of the Dungeon
  2427 | D:4      | Killed letownia's ghost
  2678 | D:4      | Found a glowing drain.
  2689 | Sewer    | Entered a sewer
  2889 | Sewer    | Reached XP level 7. HP: 60/60 MP: 8/8
  2966 | Sewer    | Reached skill level 5 in Fighting
  2990 | Sewer    | Reached skill level 6 in Armour
  3321 | Sewer    | Reached *** piety under Lugonu
  3493 | D:4      | Found a staircase to the Ecumenical Temple.
  3870 | D:5      | Got a dazzling plate armour
  3881 | D:5      | Identified the cursed +0 plate armour of the Lizard {rF+ rN+ Str-3} (You found it on level 5 of the Dungeon)
  3981 | D:5      | Found Hufroo's Food Shop.
  4042 | D:5      | Noticed Menkaure
  4049 | D:5      | Killed Menkaure
  4049 | D:5      | Reached skill level 7 in Armour
  4177 | D:5      | Reached XP level 8. HP: 69/69 MP: 10/10
  4432 | D:5      | Noticed emsyzz's ghost (novice DEFE)
  4465 | D:5      | HP: 3/103 [emsyzz's ghost (6)]
  4466 | D:5      | Banished emsyzz's ghost
  4466 | D:5      | Reached skill level 8 in Armour
  5400 | D:6      | Reached skill level 9 in Armour
  5604 | D:6      | Found Umacumea's Food Shoppe.
  5820 | D:7      | Noticed a hornet
  5825 | D:7      | Paralysed by a hornet for 1 turns
  5827 | D:7      | Paralysed by a hornet for 3 turns
  5833 | D:7      | Banished a hornet
  6186 | D:7      | Reached XP level 9. HP: 13/75 MP: 11/11
  6606 | D:7      | Reached skill level 5 in Invocations
  6961 | D:7      | Found a shimmering altar of Xom.
  6968 | D:7      | Reached skill level 10 in Armour
  7171 | D:7      | Reached **** piety under Lugonu
  7438 | D:7      | Noticed a manticore
  7448 | D:7      | Slain by a manticore

Skill      XL: |  1  2  3  4  5  6  7  8  9 |
---------------+----------------------------+-----
Invocations    | 2 3 4 5 |  5.4
Axes           | 3 4 5 6 7 9 |  9.2
Fighting       | 4 5 6 7 |  7.0
Armour         | 3 5 7 9 10 | 10.4
Dodging        | |  1.3
Evocations     | |  0.3

Action                   |  1- 3 |  4- 6 |  7- 9 || total
-------------------------+-------+-------+-------++-------
Melee: Hand axe          |   102 |   124 |   204 ||   430
       Headbutt          |    18 |    19 |    68 ||   105
       Broad axe         |       |       |   190 ||   190
Invok: Depart the Abyss  |     2 |       |       ||     2
       Banish            |       |       |     2 ||     2
Evoke: Wand              |       |     2 |       ||     2
  Use: Scroll            |     6 |     3 |     3 ||    12
       Potion            |       |       |     6 ||     6
 Stab: Confused          |       |     2 |       ||     2
  Eat: Chunk             |     1 |     4 |    13 ||    18
       Bread ration      |       |       |     1 ||     1
Armor: Plate armour      |    90 |   105 |   309 ||   504
       Skin              |       |       |    13 ||    13
Dodge: Dodged            |    27 |    36 |   143 ||   206
